 Dungeon Crawl Stone Soup version 0.19.0 (webtiles) character file.

270 Softman25 the Spear-Bearer (level 6, -1/44 HPs)
             Began as a Merfolk Gladiator on Nov 7, 2016.
             Killed from afar by an orc wizard (9 damage)
             ... with a magic dart
             ... on level 4 of the Dungeon.
             The game lasted 00:02:56 (1772 turns).

Softman25 the Spear-Bearer (Merfolk Gladiator)      Turns: 1772, Time: 00:02:56

Health: -1/44      AC:  4    Str: 15    XL:     6   Next: 22%
Magic:  6/6        EV: 14    Int:  7    God:
Gold:   77         SH:  0    Dex: 17    Spells: 0 memorised, 5 levels left

rFire  . . .     SeeInvis .     a - +0 trident
rCold  . . .     Gourm    .     b - +0 leather armour
rNeg   . . .     Faith    .     (no shield)
rPois  .         Spirit   .     c - +0 helmet
rElec  .         Reflect  .     (no cloak)
rCorr  .         Harm     .     (no gloves)
MR     .....                    (no boots)
Stlth  +.........               j - amulet of regeneration
                                (no ring)
                                (no ring)

@: no status effects
A: change form in water, swift swim, stealthy swim
a: no special abilities


You were on level 4 of the Dungeon.
You were very hungry.

You visited 1 branch of the dungeon, and saw 4 of its levels.

You collected 77 gold pieces.

Inventory:

Hand Weapons
 a - a +0 trident (weapon)
Missiles
 d - 3 throwing nets (quivered)
Armour
 b - a +0 leather armour (worn)
 c - a +0 helmet (worn)
Jewellery
 j - an amulet of regeneration (around neck)
Wands
 p - a wand of polymorph (11/24)
Potions
 e - a potion of curing {@q1}
 h - a potion of degeneration {unknown}
 m - a potion of cancellation {unknown}
 n - a potion of agility {unknown}
 q - a potion of ambrosia {unknown}
Comestibles
 f - a bread ration
 g - a beef jerky


   Skills:
 - Level 2.1 Fighting
 + Level 9.7 Polearms
 - Level 2.0 Throwing
 - Level 4.0 Dodging


You had 5 spell levels left.
You didn't know any spells.

Dungeon Overview and Level Annotations

Branches:
Dungeon (4/15)
 Temple: D:4-7

Altars:


Message History

The orc priest casts a cantrip, but nothing happens.
The orc wizard hits you but does no damage.
You hit the orc wizard but do no damage.
The orc wizard is almost dead.
You hear the slow rusting of a very distant drain.
The orc wizard hits you with a dagger.
* * * LOW HITPOINT WARNING * * *
The orc wizard completely misses you.
You hit the orc wizard but do no damage.
The orc wizard is almost dead.
The orc wizard hits you with a dagger.
* * * LOW HITPOINT WARNING * * *
The orc priest calls upon Beogh to heal the orc wizard.
The orc wizard is healed somewhat.
The orc wizard completely misses you.
You hit the orc wizard but do no damage.
The orc wizard is heavily wounded.
You feel yourself speed up.
The orc wizard gestures at you while chanting.
The magic dart hits you!
You die...

#.##..#
#.###.#+##
#.###.#<.#
#.......#.#
###.#####
># #.# #
#.# #.# #@#
#o# .o.
##.#. #.[..
#.. .# ##.
.# .. #


You could see an orc priest and an orc wizard.

Vanquished Creatures
  A water moccasin (D:3)
  3 orc wizards (D:3)
  An adder (D:3)
  An adder skeleton (D:4)
  A leopard gecko (D:1)
  15 orcs
  3 bats
  3 goblins
  7 hobgoblins
  8 jackals
  2 frilled lizards (D:3)
  A kobold (D:3)
  6 rats
52 creatures vanquished.

Notes
Turn   | Place    | Note
-------+----------+-------------------------------------------
     0 | D:1      | Softman25 the Merfolk Gladiator began the quest for the Orb.
     0 | D:1      | Reached XP level 1. HP: 16/16 MP: 1/1
   103 | D:1      | Reached skill level 5 in Polearms
   111 | D:1      | Reached XP level 2. HP: 20/22 MP: 2/2
   919 | D:3      | Reached skill level 6 in Polearms
   919 | D:3      | Reached XP level 3. HP: 27/27 MP: 3/3
   964 | D:3      | Reached skill level 7 in Polearms
   964 | D:3      | Reached XP level 4. HP: 15/33 MP: 4/4
  1244 | D:3      | Reached skill level 8 in Polearms
  1244 | D:3      | Reached XP level 5. HP: 18/38 MP: 5/5
  1447 | D:3      | Noticed a water moccasin
  1464 | D:3      | Killed a water moccasin
  1464 | D:3      | Reached skill level 9 in Polearms
  1464 | D:3      | Reached XP level 6. HP: 13/44 MP: 6/6
  1772 | D:4      | Killed from afar by an orc wizard

Skill      XL: |  1  2  3  4  5 |
---------------+----------------+-----
Polearms       | 5 6 7 8 9 |  9.7
Fighting       | |  2.1
Throwing       | |  2.0
Dodging        | |  4.0

Action                   |  1- 3 |  4- 6 || total
-------------------------+-------+-------++-------
Melee: Trident           |    96 |   118 ||   214
  Use: Scroll            |       |     5 ||     5
 Stab: Sleeping          |     2 |     2 ||     4
  Eat: Chunk             |       |     2 ||     2
Armor: Leather armour    |    15 |     9 ||    24
Dodge: Dodged            |    54 |    53 ||   107
